 Dungeon Crawl Stone Soup version 0.31-a0-339-gda1cbd555d (webtiles) character file.

Game seed: 4672086003149491242

56 lunkers the Ruffian (level 4, -2/35 HPs)
             Began as a Meteoran Shapeshifter on July 20, 2023.
             Slain by a gnoll
             ... wielding a +0 spear
             ... led by a gnoll bouda
              (6 damage)
             ... on level 3 of the Dungeon.
             The game lasted 00:02:29 (803 turns).

lunkers the Ruffian (Meteoran Shapeshifter)          Turns: 803, Time: 00:02:30

Health: -2/35      AC:  3    Str: 17    XL:     4   Next: 37%
Magic:  5/5        EV: 12    Int:  9    God:
Gold:   71         SH:  0    Dex: 16    Spells: 3/3 levels left

rFire   . .          .
                       - Unarmed
rCold   . . .        (no shield)
rNeg    . . .        g - +0 leather armour {Will+}
rPois   .            (helmet currently unavailable)
rElec   .            (cloak currently unavailable)
rCorr   .            (gloves currently unavailable)
SInv    .            (boots currently unavailable)
Will    ++...        (no amulet)
Stlth   +            m - ring of willpower
HPRegen 0.25/turn    j - ring of flight
MPRegen 0.09/turn

%: no passive effects
@: beast-form, weakened, flying, glowing
A: beast (slay +2), sense surroundings 1, otherworldly, glowing, explore regen
a: Begin Untransformation


You were on level 3 of the Dungeon.
You were a hulking beast.
You visited 1 branch of the dungeon, and saw 3 of its levels.

You collected 71 gold pieces.

Inventory:

Armour
 a - a +0 animal skin
 d - a +0 cloak
 g - a +0 leather armour of willpower (worn)
 i - a +0 pair of gloves
 k - a +0 buckler
Jewellery
 j - a ring of flight (right hand)
 m - a ring of willpower (left hand)
Talismans
 c - a beast talisman
Scrolls
 e - a scroll of identify {unknown}
 o - a scroll of revelation {unknown}
 p - a scroll of fog {unknown}
Potions
 b - a potion of lignification
 f - 2 potions of curing {unknown}
 h - a potion of degeneration {unknown}
 l - a potion of attraction {unknown}
 n - a potion of mutation {unknown}
 q - a potion of berserk rage {unknown}


   Skills:
 - Level 1.1 Fighting
 - Level 2.4 Dodging
 + Level 5.7 Unarmed Combat
 - Level 3.6 Shapeshifting


You had 3 spell levels left.
You didn't know any spells.
Your spell library was empty.

Dungeon Overview and Level Annotations

Branches:
Dungeon (3/15) Zot: 1004

Altars:


Innate Abilities, Weirdness & Mutations

You are a hulking beast.
Your limbs bulge with bestial killing power. (Slay +2)
You passively map a small area around you.
You are easily found by Zot.
You glow in the dark.
You regain HP and MP as you explore.


Message History

You hit the gnoll bouda.
The gnoll bouda is moderately wounded.
The gnoll hits you from afar with a +0 spear.
The gnoll bouda misses you.
You hit the gnoll bouda.
The gnoll bouda is heavily wounded.
The gnoll barely misses you.
You barely miss the gnoll bouda.
The gnoll bouda is heavily wounded.
The gnoll hits you from afar with a +0 spear.
You hit the gnoll bouda.
The gnoll bouda is severely wounded.
The gnoll bouda barely misses you.
A gnoll comes into view. It is wielding a +0 flail.
The gnoll hits you from afar with a +0 spear.
* * * LOW HITPOINT WARNING * * *
You hit the gnoll bouda but do no damage.
The gnoll bouda is severely wounded.
The gnoll bouda gazes fiercely through you!
You feel your attacks grow feeble.
The gnoll bouda hits you with a +0 club.
* * * LOW HITPOINT WARNING * * *
You hit the gnoll bouda.
The gnoll bouda is severely wounded.
The gnoll hits you from afar with a +0 spear.
* * * LOW HITPOINT WARNING * * *
The gnoll bouda gazes fiercely through you!
You feel as though you will be weak longer.
The gnoll bouda misses you.
You completely miss the gnoll bouda.
The gnoll bouda is severely wounded.
The gnoll hits you from afar with a +0 spear.
* * * LOW HITPOINT WARNING * * *
The gnoll bouda gazes fiercely through you!
You feel as though you will be weak longer.
The gnoll bouda misses you. The gnoll closely misses you.
You hit the gnoll bouda but do no damage.
The gnoll bouda is severely wounded.
The gnoll hits you from afar with a +0 spear.
You die...

.# #.# **** * , >### *
#.# ##... #.# .....# #.#
* , .#...####.###### *
...............# , *
.##.##.##.####.#
.##.##.##.####.#####.# *
.......##.#.....hgg..#
.##.#..#........g....#,
.......................#
.......#......#.###.$###
#####...........# *..#
####......### .# * * **
#.....) *,,# , ,.##.#**
** ,, * ,


You could see a gnoll bouda and 2 gnolls.

Vanquished Creatures
  A gnoll (D:3)
  An adder (D:2)
  A dart slug (D:2)
  3 ball pythons (D:2)
  5 endoplasms
  A giant cockroach (D:2)
  4 hobgoblins
  5 quokkas (D:2)
  2 frilled lizards
  3 goblins
  3 kobolds
  3 rats
32 creatures vanquished.

Notes
Turn   | Place    | Note
-------+----------+-------------------------------------------
     0 | D:1      | lunkers the Meteoran Shapeshifter began the quest for the
                  | Orb.
     0 | D:1      | Reached XP level 1. HP: 16/16 MP: 2/2
   107 | D:1      | Reached skill level 4 in Unarmed Combat
   111 | D:1      | Reached XP level 2. HP: 23/23 MP: 3/3
   413 | D:2      | Reached XP level 3. HP: 26/28 MP: 4/4
   500 | D:2      | Reached skill level 5 in Unarmed Combat
   582 | D:2      | Reached XP level 4. HP: 34/35 MP: 5/5
   803 | D:3      | Slain by a gnoll

Illustrated notes

Levels and vault maps discovered:
D:1:      dpeg_arrival_water_temple_mockup, layout_basic
D:2:      layout_basic, dreamdust_ecumenical_altar_hidden_monk_grotto,
          uniq_natasha
D:3:      cheibrodos_old_hovel, layout_loops_ring

Skill      XL: |  1  2  3 |
---------------+----------+-----
Unarmed Combat | 4 5 |  5.7
Fighting       | |  1.1
Dodging        | |  2.4
Shapeshifting  | |  3.6

Action                     |  1- 3 |  4- 6 || total
---------------------------+-------+-------++-------
  Melee: Unarmed           |    57 |    19 ||    76
         Punch             |     2 |       ||     2
 Armour: Leather armour    |    19 |     2 ||    21
         Animal skin       |     1 |       ||     1
  Dodge: Dodged            |    23 |    11 ||    34

Table legend: (Time is in decaauts)
 A = Elapsed time spent in this place.
 B = Non-inter-level travel time spent in this place.
 C = Inter-level travel time spent in this place.
 D = Time resting spent in this place.
 E = Time spent auto-exploring this place.
 F = Levels seen in this place.
 G = Mean time per level.
                   A        B        C        D        E       F      G
               +--------+--------+--------+--------+--------+-----+--------+
         Total |    794 |    755 |     39 |      0 |    480 |   3 |  264.7 |
       Dungeon |    794 |    755 |     39 |      0 |    480 |   3 |  264.7 |
               +--------+--------+--------+--------+--------+-----+--------+

Top non-repeatable levels by time:
     D:2: 389 daAuts
     D:1: 329 daAuts
     D:3: 75 daAuts
